 Dungeon Crawl Stone Soup version 0.30.1-11-g7821555f0a (webtiles) character file.

Game seed: 13287852670755334917

441 jagang the Trooper (level 7, -9/55 HPs)
             Began as a Human Monk on Jan 3, 2024.
             Mangled by a two-headed ogre
             ... wielding a +0 giant spiked club
              (16 damage)
             ... on level 5 of the Dungeon.
             The game lasted 00:06:37 (2883 turns).

jagang the Trooper (Human Monk)                     Turns: 2883, Time: 00:06:38

Health: -9/55      AC: 12    Str: 21    XL:     7   Next: 22%
Magic:  0/8        EV: 19    Int: 10    God:
Gold:   264        SH:  0    Dex: 18    Spells: 6/6 levels left

rFire   . . .        o - +6 spear of Doom {flame, Will+ Str+4}
rCold   . . .        d - orb {light}
rNeg    . . .        m - +0 chain mail
rPois   .            n - +0 helmet
rElec   .            (no cloak)
rCorr   .            B - +0 pair of gloves
SInv    .            D - +0 pair of boots
Will    +....        s - amulet of guardian spirit Stlth
                     h - +6 ring of strength
HPRegen 0.29/turn    v - ring of the Hare {EV+10}
MPRegen 0.11/turn

%: guardian spirit
@: glowing
A: no striking features
a: no special abilities


You were on level 5 of the Dungeon.
You visited 1 branch of the dungeon, and saw 5 of its levels.
You also visited: Sewer.

You collected 264 gold pieces.

Inventory:

Hand Weapons
 a - a +0 falchion
 o - the +6 spear of Doom (weapon) {flame, Will+ Str+4}
   (You found it on level 2 of the Dungeon)

   Str:       It affects your strength (+4).
   Will:      It increases your willpower.
Missiles
 u - 5 boomerangs (quivered)
Armour
 d - an orb of light (worn)
 m - a +0 chain mail (worn)
 n - a +0 helmet (worn)
 B - a +0 pair of gloves (worn)
 D - a +0 pair of boots (worn)
Jewellery
 h - a +6 ring of strength (left hand)
 k - a ring of positive energy
 s - an amulet of guardian spirit (around neck)
 v - the ring of the Hare (right hand) {EV+10}
   (You found it on level 3 of the Dungeon)

   [ring of evasion]

   EV:        It affects your evasion (+10).
Wands
 E - a wand of flame (5)
Scrolls
 f - 2 scrolls of enchant armour
 g - 3 scrolls of blinking
 j - 3 scrolls of magic mapping
 p - 3 scrolls of teleportation
 w - 4 scrolls of fear
 x - a scroll of noise
 y - a scroll of butterflies {unknown}
 C - a scroll of amnesia {unknown}
Potions
 b - a potion of magic {unknown}
 c - 2 potions of ambrosia
 e - a potion of brilliance {unknown}
 l - 4 potions of curing {unknown}
 q - a potion of haste {unknown}
 r - 2 potions of degeneration {unknown}
 t - 2 potions of lignification {unknown}
 z - a potion of berserk rage {unknown}
 A - a potion of heal wounds {unknown}


   Skills:
 * Level 4.7 Fighting
 * Level 4.7 Long Blades
 * Level 3.4 Armour
 - Level 3.0 Dodging
 + Level 1.5 Shields
 + Level 0.2 Unarmed Combat
 + Level 1.7 Invocations


You had 6 spell levels left.
You didn't know any spells.
Your spell library contained the following spells:

 Spells                   Type           Power      Damage    Failure   Level
 Apportation              Tloc           0%         N/A       95%         1
 Necrotise                Necr           0%         1d4       95%         1
 Summon Small Mammal      Summ           0%         N/A       95%         1


Dungeon Overview and Level Annotations

Branches:
Dungeon (5/15)              Sewer (visited)
 Temple: D:4-7

Altars:


Message History

You now have 264 gold pieces (gained 4).
An iguana comes into view.
The iguana hisses angrily.
You hear two shouts!
A two-headed ogre comes into view.
It is wielding a +0 giant spiked club and a +0 giant club.
You hit the iguana. You burn the iguana.
The iguana is heavily wounded.
The iguana bites you but does no damage.
You barely miss the iguana.
The iguana is heavily wounded.
The iguana completely misses you.
You barely miss the iguana.
The iguana is heavily wounded.
You hit the two-headed ogre. You burn the two-headed ogre.
The two-headed ogre is lightly wounded.
You hit the two-headed ogre. You burn the two-headed ogre.
The two-headed ogre is lightly wounded.
The two-headed ogre completely misses you.
The two-headed ogre barely misses you.
You puncture the two-headed ogre! You burn the two-headed ogre.
The two-headed ogre is heavily wounded.
The two-headed ogre hits you with a +0 giant spiked club!
The two-headed ogre barely misses you.
You hit the two-headed ogre. You burn the two-headed ogre.
The two-headed ogre is heavily wounded.
The two-headed ogre barely misses you.
The two-headed ogre hits you with a +0 giant club!
You hit the two-headed ogre. You burn the two-headed ogre.
The two-headed ogre is severely wounded.
You puncture the two-headed ogre! You burn the two-headed ogre.
The two-headed ogre is almost dead.
The two-headed ogre hits you with a +0 giant spiked club!
The two-headed ogre hits you with a +0 giant club!
* * * LOW HITPOINT WARNING * * *
You are too injured to fight recklessly!
You hit the two-headed ogre but do no damage.
The two-headed ogre is almost dead.
The two-headed ogre hits you with a +0 giant spiked club!
* * * LOW HITPOINT WARNING * * *
The two-headed ogre hits you with a +0 giant club!
You die...

###.......#..........#
##.....##..........#
#######..........##
#................#
#..............##
#...........###
##......##### ###.####
#@.# ##O# l# .# .. ..
... ...


You could see a two-headed ogre and an iguana.

Vanquished Creatures
  Menkaure (D:4)
  Blork the orc (D:4)
  A jelly (D:4)
  A hound (D:5)
  An iguana (D:5)
  8 adders
  3 dart slugs
  5 orcs
  6 endoplasms
  5 giant cockroaches
  5 goblins
  6 hobgoblins
  7 quokkas
  8 ball pythons
  4 bats
  13 frilled lizards
  4 kobolds
  7 rats
86 creatures vanquished.

Notes
Turn   | Place    | Note
-------+----------+-------------------------------------------
     0 | D:1      | jagang the Human Monk began the quest for the Orb.
     0 | D:1      | Reached XP level 1. HP: 18/18 MP: 1/1
   114 | D:1      | Reached XP level 2. HP: 13/24 MP: 2/2
   127 | D:1      | Reached skill level 1 in Armour
   315 | D:1      | Reached XP level 3. HP: 22/29 MP: 3/3
   465 | D:1      | Found a faded altar of an unknown god.
   884 | D:2      | Reached XP level 4. HP: 32/36 MP: 4/4
   962 | D:2      | Identified the +6 spear of Doom {flame, Will+ Str+4}
  1590 | D:3      | Found the ring of the Hare {EV+10}
  1701 | D:4      | Reached XP level 5. HP: 42/42 MP: 5/5
  1728 | D:4      | Found a glowing drain.
  1735 | Sewer    | Entered a sewer
  2176 | D:4      | Noticed Menkaure
  2183 | D:4      | Killed Menkaure
  2184 | D:4      | Reached skill level 1 in Shields
  2184 | D:4      | Reached skill level 1 in Invocations
  2184 | D:4      | Reached XP level 6. HP: 30/49 MP: 3/7
  2277 | D:4      | Noticed Blork the orc
  2281 | D:4      | Killed Blork the orc
  2282 | D:4      | Reached XP level 7. HP: 55/55 MP: 8/8
  2713 | D:5      | Entered Level 5 of the Dungeon
  2872 | D:5      | Noticed a two-headed ogre
  2883 | D:5      | Mangled by a two-headed ogre

Illustrated notes

Levels and vault maps discovered:
D:1:      beargit_arrival_greenhouse, layout_basic,
          shapermc_ecumenical_altar_petra, minmay_pentomino_q2
D:2:      layout_basic, serial_corexii_hall, chequers_hall_statues_wall_a,
          chequers_hall_statues_wall_a
D:3:      layout_basic, feat_on_display
D:4:      layout_loops_ring, gup_sewer_entry_bubbles, uniq_blork_the_orc,
          uniq_menkaure
D:5:      layout_cave_pods, chequers_temple_overflow_statue_of_worship,
          minmay_temple_entry_wispy, kennysheep_flooded_box,
          lightli_corner_chamber

Skill      XL: |  1  2  3  4  5 |
---------------+----------------+-----
Armour         | 1 2 3 |  3.4
Long Blades    | 4 |  4.7
Fighting       | 4 |  4.7
Shields        | 1 |  1.5
Invocations    | 1 |  1.7
Dodging        | |  3.0
Unarmed Combat | |  0.2

Action                     |  1- 3 |  4- 6 |  7- 9 || total
---------------------------+-------+-------+-------++-------
  Melee: Falchion          |    91 |    11 |       ||   102
         Spear             |       |    94 |    29 ||   123
    Use: Scroll            |       |     1 |     5 ||     6
 Armour: Robe              |     6 |       |       ||     6
         Chain mail        |    15 |    27 |     2 ||    44
  Dodge: Dodged            |    48 |    64 |    14 ||   126
